 Dungeon Crawl Stone Soup version 0.31-a0-246-g8cbcc1cb85 (webtiles) character file.

Game seed: 16317764537102074163

515 qw the Shooter (level 7, -1/44 HPs)
             Began as a Gargoyle Hexslinger on July 12, 2023.
             Slain by a white imp (3 damage)
             ... summoned by Eustachio
             ... on level 4 of the Dungeon.
             The game lasted 00:01:10 (2901 turns).

qw the Shooter (Gargoyle Hexslinger)                Turns: 2901, Time: 00:01:11

Health: -1/44      AC: 15    Str: 11    XL:     7   Next: 20%
Magic:  8/8        EV: 10    Int: 14    God:
Gold:   263        SH:  0    Dex: 14    Spells: 7/8 levels left

rFire   . . .        Y - +3 sling
rCold   . . .        (no shield)
rNeg    + . .        k - +4 ring mail
rPois   inf          g - +0 helmet
rElec   +            (no cloak)
rCorr   .            (no gloves)
SInv    .            (no boots)
Will    .....        d - amulet of faith
Stlth   +            (no ring)
HPRegen 0.27/turn    (no ring)
MPRegen 0.11/turn

%: faith
@: no status effects
A: sickness immunity, AC +4, negative energy resistance 1, electricity
resistance, torment resistance 1, petrification resistance
a: no special abilities


You were on level 4 of the Dungeon.
You visited 1 branch of the dungeon, and saw 5 of its levels.

You collected 263 gold pieces.


Innate Abilities, Weirdness & Mutations

You are immune to sickness and miasma.
Your stone body is resilient. (AC +4)
You are immune to poison.
You resist negative energy. (rN+)
You are resistant to electric shocks. (rElec)
You are resistant to unholy torment.
You are immune to petrification.


   Skills:
 - Level 4.3 Fighting
 + Level 6.3 Ranged Weapons
 - Level 1.1 Armour
 - Level 1.5 Dodging
 - Level 1.0 Spellcasting
 - Level 2.6 Hexes


You had 7 spell levels left.
You knew the following spells:

 Your Spells              Type           Power      Damage    Failure   Level
a - Slow                  Hex            32%        N/A       21%         1

Your spell library contained the following spells:

 Spells                   Type           Power      Damage    Failure   Level
 Inner Flame              Hex/Fire       4%         N/A       71%         3
 Portal Projectile        Hex/Tloc       8%         N/A       71%         3
 Cause Fear               Hex            4%         N/A       90%         4

Inventory:

Hand Weapons
 Y - a +3 sling (weapon)
Armour
 g - a +0 helmet (worn)
 k - a +4 ring mail (worn)
Jewellery
 b - a ring of ice
 d - an amulet of faith (around neck)
Scrolls
 a - a scroll of identify
Potions
 e - a potion of lignification {unknown}
 f - 4 potions of curing
 i - 3 potions of might

Dungeon Overview and Level Annotations

Branches:
Dungeon (5/15)
 Temple: D:4-7

Altars:

Annotations:
D:4 2 runed translucent doors, Eustachio


Message History

The rat barely misses you.
The quasit bites you but does no damage.
The quasit claws you but does no damage.
The quasit barely misses you. Eustachio hits you but does no damage.
You shoot a sling bullet.
The sling bullet closely misses Eustachio.
The bat barely misses you.
The quasit bites you but does no damage.
The quasit claws you but does no damage. x2
The river rat closely misses you. The rat bites you but does no damage.
The iron imp barely misses you.
Eustachio gestures wildly while chanting.
The quasit bites you but does no damage.
The quasit claws you but does no damage.
The quasit closely misses you.
You shoot a sling bullet. The sling bullet hits Eustachio.
Eustachio is heavily wounded.
The quasit disappears in a puff of smoke!
The iron imp disappears in a puff of smoke!
The bat barely misses you. The river rat completely misses you.
The rat bites you. Eustachio hits you but does no damage.
The rat bites you but does no damage. The river rat barely misses you.
The iron imp hits you but does no damage.
You shoot a sling bullet. The sling bullet hits Eustachio.
Eustachio is heavily wounded.
The bat hits you but does no damage. The bat barely misses you.
Eustachio barely misses you.
The crimson imp blinks!
The rat barely misses you.
The river rat bites you but does no damage.
You shoot a sling bullet. The sling bullet hits Eustachio.
Eustachio is heavily wounded.
The bat hits you but does no damage. x2
Eustachio casts a spell.
Eustachio blinks!
The iron imp closely misses you. The rat bites you but does no damage.
The river rat closely misses you.
You shoot a sling bullet.
The sling bullet closely misses the iron imp.
The bat closely misses you. The bat misses you.
The iron imp hits you but does no damage.
The white imp hits you.
You die...

###.......#####...######....
#.........###....#........
##.........##..#.......##..
###..........###.#...........
##..........### #....#........
#......#@...#####.5..##.......
##...#................##.###..
##.###....#5r).###..######.).
##...#....##@b## #...# #...
##.....##...#r5# ##.## #..#
##......#.....b.# ##..#####).#
#....##.........####...##......
###.............##.............
##.......###.............###.
###......................###..
#.......8####8...........#....
#.#.....+....'.......).....##.


You could see Eustachio, an iron imp (summoned), a crimson imp (summoned), a
river rat (summoned), a white imp (summoned), 2 bats and a rat (summoned).

Vanquished Creatures
  Sigmund (D:4)
  An ogre (D:4)
  A scorpion (D:4)
  A howler monkey (D:4)
  A jelly (D:4)
  2 gnolls (D:4)
  7 adders
  7 bats
  3 endoplasms
  2 giant cockroaches
  6 goblins
  2 hobgoblins
  3 jackals (D:1)
  7 kobolds
  5 quokkas
  3 ball pythons
  6 frilled lizards
  6 rats
64 creatures vanquished.

Notes
Turn   | Place    | Note
-------+----------+-------------------------------------------
     0 | D:1      | qw the Gargoyle Hexslinger began the quest for the Orb.
     0 | D:1      | Reached XP level 1. HP: 12/12 MP: 2/2
     0 | D:1      | 0 ||| qw: Version: 0.3-a-52-g30416fa
     0 | D:1      | 0 ||| qw: Game counter: 6284
     0 | D:1      | 0 ||| qw: Melee chars always use a shield: true
     0 | D:1      | 0 ||| qw: God list: Okawaru
     0 | D:1      | 0 ||| qw: Allow faded altars: false
     0 | D:1      | 0 ||| qw: Do Orc after clearing Dungeon:15 true
     0 | D:1      | 0 ||| qw: Do second Lair branch before Depths: true
     0 | D:1      | 0 ||| qw: Lair rune preference: random
     0 | D:1      | 0 ||| qw: Goals: Normal
     0 | D:1      | 0 ||| PLANNING D:1-11
    72 | D:1      | Reached XP level 2. HP: 16/16 MP: 3/3
   146 | D:1      | Reached skill level 3 in Ranged Weapons
   313 | D:1      | Reached XP level 3. HP: 21/21 MP: 4/4
   505 | D:1      | 505 ||| UPGRADING to +1 leather armour of cold resistance.
   515 | D:1      | 515 ||| DROPPING +0 robe.
   516 | D:1      | 516 ||| UPGRADING to amulet of faith.
   521 | D:1      | 521 ||| READING 2 scrolls labelled UCUTRI BEOTZA.
   522 | D:1      | 522 ||| DROPPING scroll of poison.
   754 | D:2      | Reached XP level 4. HP: 26/26 MP: 5/5
   853 | D:2      | Reached skill level 4 in Ranged Weapons
  1373 | D:2      | 1373 ||| UPGRADING to +4 ring mail.
  1383 | D:2      | 1383 ||| DROPPING +1 leather armour of cold resistance.
  1384 | D:2      | 1384 ||| READING scroll labelled WYR PEEPLYOJA.
  1403 | D:2      | 1403 ||| READING scroll labelled QARAH NUAXTEAGI.
  1404 | D:2      | 1404 ||| READING scroll labelled JANATHR JUEWOPI.
  1405 | D:2      | 1405 ||| READING scroll labelled GIUCEVVUTU.
  1406 | D:2      | 1406 ||| DRINKING 3 ruby potions.
  1407 | D:2      | 1407 ||| READING 3 scrolls of identify.
  1407 | D:2      | 1407 ||| IDENTIFYING lumpy clear potion
  1408 | D:2      | 1408 ||| READING 2 scrolls of identify.
  1408 | D:2      | 1408 ||| IDENTIFYING fuming amethyst potion
  1409 | D:2      | 1409 ||| DROPPING potion of invisibility.
  1536 | D:3      | Reached skill level 1 in Armour
  2052 | D:3      | 2052 ||| READING scroll labelled ZAFE VAEBINN.
  2057 | D:3      | 2057 ||| READING 2 scrolls of identify.
  2057 | D:3      | 2057 ||| IDENTIFYING inky potion
  2058 | D:3      | 2058 ||| DROPPING potion of brilliance.
  2103 | D:4      | 2103 ||| READING scroll of enchant weapon.
  2103 | D:4      | 2103 ||| ENCHANTING +2 sling.
  2148 | D:4      | Reached XP level 5. HP: 30/30 MP: 6/6
  2178 | D:4      | Found a large runed translucent door.
  2179 | D:4      | Found a large runed translucent door.
  2259 | D:4      | Noticed Sigmund
  2270 | D:4      | Killed Sigmund
  2271 | D:4      | Reached skill level 6 in Ranged Weapons
  2271 | D:4      | Reached XP level 6. HP: 30/35 MP: 7/7
  2329 | D:4      | Reached skill level 3 in Fighting
  2413 | D:4      | Reached XP level 7. HP: 37/42 MP: 8/8
  2689 | D:4      | 2689 ||| UPGRADING to +0 helmet.
  2694 | D:4      | 2694 ||| READING scroll labelled LIMEEKIEME.
  2706 | D:5      | Entered Level 5 of the Dungeon
  2706 | D:5      | Noticed Eustachio
  2712 | D:5      | 2712 ||| STAIRDANCE
  2811 | D:5      | 2811 ||| STAIRDANCE
  2874 | D:5      | 2874 ||| STAIRDANCE
  2893 | D:4      | HP: 10/44 [iron imp[Eustachio] (4)]
  2896 | D:4      | HP: 1/44 [iron imp[Eustachio] (6)]
  2901 | D:4      | Slain by a white imp

Levels and vault maps discovered:
D:1:      dpeg_arrival_refuge, layout_basic, reono_crystal_passage
D:2:      layout_loops_corners
D:3:      layout_loops_cross
D:4:      layout_cave_pools, jmf_multi_god_temple2, st_stairs_9, uniq_sigmund
D:5:      layout_cave_pools, tgw_trog, tgw_fedhas, uniq_duvessa, uniq_eustachio

Skill      XL: |  1  2  3  4  5  6  7 |
---------------+----------------------+-----
Ranged Weapons | 3 4 6 |  6.3
Fighting       | 2 3 4 |  4.3
Armour         | 1 |  1.1
Dodging        | |  1.5
Spellcasting   | |  1.0
Hexes          | |  2.6

Action                     |  1- 3 |  4- 6 |  7- 9 || total
---------------------------+-------+-------+-------++-------
   Fire: Sling             |    90 |   110 |    60 ||   260
    Use: Scroll            |     1 |     9 |     1 ||    11
         Potion            |       |     1 |       ||     1
 Armour: Robe              |     9 |       |       ||     9
         Leather armour    |    17 |     7 |       ||    24
         Ring mail         |       |    17 |   105 ||   122
  Dodge: Dodged            |    40 |    30 |   108 ||   178

Table legend:
 A = Non-vault XP
 B = Vault XP
 C = Vault XP percentage of total XP
 D = Non-vault monster count
 E = Vault monster count
 F = Vault count percentage of total count
                 A         B        C        D         E       F
            +---------+---------+-------+---------+---------+-------
      Total |     383 |     354 |  48.0 |      61 |       3 |   4.7
            +---------+---------+-------+---------+---------+-------
        D:1 |      34 |       0 |   0.0 |      19 |       0 |   0.0
        D:2 |      85 |       0 |   0.0 |      18 |       0 |   0.0
        D:3 |      43 |       0 |   0.0 |      14 |       0 |   0.0
        D:4 |     221 |     354 |  61.6 |      10 |       3 |  23.1
            +---------+---------+-------+---------+---------+-------
